 Dungeon Crawl Stone Soup version 0.30.0 (webtiles) character file.

Game seed: 1013224615933496899

37 catcat the Vexing (level 3, 0/29 HPs)
             Began as a Demigod Wanderer on Aug 27, 2023.
             Succumbed to an adder's poison
             ... on level 1 of the Dungeon.
             The game lasted 00:02:19 (910 turns).

catcat the Vexing (Demigod Wanderer)                 Turns: 910, Time: 00:02:20

Health: 0/29       AC:  7    Str: 14    XL:     3   Next: 8%
Magic:  6/6        EV: 11    Int: 14    God:
Gold:   56         SH:  0    Dex: 16    Spells: 3/4 levels left

rFire   . . .        c - +0 rapier
rCold   . . .        (no shield)
rNeg    . . .        j - +0 ring mail
rPois   .            (helmet restricted)
rElec   .            (no cloak)
rCorr   .            (no gloves)
SInv    .            (no boots)
Will    .....        (no amulet)
Stlth   +            (no ring)
HPRegen 0.24/turn    (no ring)
MPRegen 0.10/turn

%: no passive effects
@: lethally poisoned (0 -> -7), attractive, flying
A: high MP 1, forlorn, divine attributes, horns 1, iridescent scales 1,
screaming 1, wild magic 1
a: no special abilities


You were on level 1 of the Dungeon.
You visited 1 branch of the dungeon, and saw 2 of its levels.

You collected 56 gold pieces.

Inventory:

Hand Weapons
 a - a +0 dagger
 c - a +0 rapier (weapon)
Missiles
 b - 6 boomerangs (quivered)
Armour
 d - a +0 robe
 f - a +0 leather armour
 j - a +0 ring mail (worn)
Scrolls
 g - a scroll of teleportation {unknown}
 k - a scroll of magic mapping {unknown}


   Skills:
 + Level 2.1 Fighting
 - Level 1.7 Throwing
 * Level 1.8 Dodging
 - Level 1.0 Spellcasting
 - Level 3.6 Hexes
 - Level 1.0 Translocations
 - Level 1.0 Evocations


You had 3 spell levels left.
You knew the following spells:

 Your Spells              Type           Power      Damage    Failure   Level
a - Slow                  Hex            56%        N/A       17%         1

Your spell library contained the following spells:

 Spells                   Type           Power      Damage    Failure   Level
 Freeze                   Ice            0%         1d3       56%         1
 Lesser Beckoning         Tloc           8%         N/A       56%         2
 Momentum Strike          Conj/Tloc      4%         3d8       63%         2
 Summon Guardian Golem    Hex/Summ       7%         N/A       69%         3
 Frozen Ramparts          Ice            0%         1d1       89%         3
 Hailstorm                Conj/Ice       0%         3d3       89%         3
 Leda's Liquefaction      Hex/Erth       3%         N/A       97%         4


Dungeon Overview and Level Annotations

Branches:
Dungeon (2/15)


Innate Abilities, Weirdness & Mutations

You have an increased reservoir of magic. (+10% MP)
You shall have no god before yourself.
Your divine heritage dramatically boosts your attributes as you level up.
You have a pair of small horns on your head.
You are partially covered in iridescent scales. (AC +2)
You occasionally shout uncontrollably at your foes.
Your spells are a little harder to cast, but a little more powerful.


Message History

You feel sick. The adder barely misses you. The adder closely misses you.
You hit the adder.
The adder is severely wounded.
You feel sick. The adder completely misses you. The adder bites you. x2
You are more poisoned.
The adder poisons you! The adder misses you.
You hit the adder.
You kill the adder!
You feel very sick. The adder completely misses you.
The adder barely misses you.
You have reached level 3!
Your experience leads to a dramatic increase in your attributes!
Increase (S)trength, (I)ntelligence, or (D)exterity?
You feel agile. x4
It was a potion of mutation.
You feel extremely strange. A pair of horns grows on your head!
You feel the urge to shout.
Iridescent scales grow over part of your body.
You feel less in control of your magic.
You feel sick. The adder bites you but does no damage.
You hit the adder but do no damage.
You feel sick. The adder closely misses you.
It was a potion of flight.
You feel very buoyant.
You fly up into the air.
You feel sick. The adder bites you but does no damage.
The adder closely misses you.
It was a potion of attraction.
You feel attractive to monsters.
You feel sick. The adder bites you but does no damage.
You completely miss the adder.
You feel sick. The adder barely misses you. The adder bites you.
* * * LOW HITPOINT WARNING * * *
You are lethally poisoned!
The adder poisons you!
Unknown command.
As you read the scroll labelled GUGUTUPACA, it crumbles to dust.
The creatures around you are filled with an inner flame!
It was a scroll of immolation.
* * * LOW HITPOINT WARNING * * *
You feel sick. The adder bites you but does no damage.
You die...

....## ##..##
.....####....#
.....'.......#####
.....####........#
....## #..#.###.#
...## #.##.# #.#
..## ###.##.# #S#
+# #....#..##>#
#.#..##.##@# .
#.#..##.##.# .####
#.#........# ....#
#.......#### ....#
#..g>####
..#.####.###
......)..#
###.###### #.#


You could see an adder (inner flame).

Vanquished Creatures
  2 adders
  A dart slug (D:1)
  2 endoplasms (D:1)
  3 goblins (D:1)
  A hobgoblin (D:1)
  A quokka (D:2)
  2 ball pythons (D:1)
  A bat (D:1)
  2 kobolds (D:1)
  3 rats
18 creatures vanquished.

Notes
Turn   | Place    | Note
-------+----------+-------------------------------------------
     0 | D:1      | catcat the Demigod Wanderer began the quest for the Orb.
     0 | D:1      | catcat set off with the following items: a +0 dagger, 6
                  | boomerangs, a potion of curing, a +0 robe; and the
                  | following spell memorised: Slow; and the following spells
                  | available to memorise: Lesser Beckoning, Momentum Strike,
                  | Summon Guardian Golem, Leda's Liquefaction.
     0 | D:1      | Reached XP level 1. HP: 16/16 MP: 4/4
     6 | D:1      | Noticed a black bear
     7 | D:1      | Noticed a wolf
     7 | D:1      | Noticed a swamp drake
   243 | D:1      | Found Xuriruko's Distillery.
   381 | D:1      | Reached XP level 2. HP: 7/24 MP: 5/5
   517 | D:1      | Reached skill level 1 in Dodging
   904 | D:1      | Reached XP level 3. HP: 10/29 MP: 6/6
   904 | D:1      | Gained mutation: You have a pair of small horns on your
                  | head. [potion of mutation]
   904 | D:1      | Gained mutation: You occasionally shout uncontrollably at
                  | your foes. [potion of mutation]
   904 | D:1      | Gained mutation: You are partially covered in iridescent
                  | scales. (AC +2) [potion of mutation]
   904 | D:1      | Gained mutation: Your spells are a little harder to cast,
                  | but a little more powerful. [potion of mutation]
   909 | D:1      | HP: 1/29 [poisoned by an adder]
   910 | D:1      | Succumbed to an adder's poison

Illustrated notes

Levels and vault maps discovered:
D:1:      onia_arrival_zoo_common, layout_loops_corners,
          chequers_ecumenical_altar_lobes, serial_shops, shop, feat_on_display
D:2:      layout_rooms, minmay_pentomino_v2, uniq_terence, uniq_jessica

Skill      XL: |  1  2 |
---------------+-------+-----
Dodging        | 1 |  1.8
Fighting       | 2 |  2.1
Throwing       | |  1.7
Spellcasting   | |  1.0
Hexes          | |  3.6
Translocations | |  1.0
Evocations     | |  1.0

Action                     || total
---------------------------++-------
  Melee: Dagger            ||    78
         Punch             ||     1
         Rapier            ||    13
    Use: Potion            ||     4
         Scroll            ||     1
 Armour: Leather armour    ||    12
         Ring mail         ||    24
  Dodge: Dodged            ||    66
